AoeStats
← _The_Lion

Hill Fort

504141234Analyzed
4v4 RM · 1mo ago on Sep 4, 2026· 52m 17s· 8 players
Game mode
Random Map
Map size
Large (8 player)
Population
200
Speed
Normal
Resources
Standard
Victory
Conquest
Starting age
Dark Age
Ending age
Imperial Age
RankedLock teamsTeams togetherTeam positionsShared explorationLock speedFull tech treeHidden civsTurbo modeCheats
Victory
Defeat
🇲🇽 Vikings · Mexico
1573
+11
🇨🇦 Mapuche · Canada
1422
+17
🇺🇸 Hindustanis · United States
1408
+18
🇨🇴 Poles · Colombia
1368
+19
🇨🇦 Persians · Canada
1490
-18
🇨🇦 Tatars · Canada
1473
-17
🇲🇽 Mongols · Mexico
1438
-16
🇦🇷 Britons · Argentina
1398
-14
edengr7
8:14 Feudal Age
8:39 Double-Bit Axe
9:32 Horse Collar
16:47 Castle Age
18:02 Bow Saw
18:26 Loom
19:22 Stone Mining
21:03 Wheelbarrow
26:53 Hand Cart
29:05 Fletching
31:30 Bodkin Arrow
31:48 Husbandry
32:27 Ballistics
32:24 Bloodlines
32:26 Thumb Ring
33:38 Padded Archer Armor
36:49 Imperial Age
34:45 Leather Archer Armor
36:28 Gold Mining
37:06 Capped Ram
37:16 Elite Mangudai
38:22 Bracer
37:53 Light Cavalry
39:58 Chemistry
39:23 Conscription
39:49 Forging
39:46 Scale Barding Armor
39:46 Heavy Plow
39:42 Town Watch
40:36 Hussar
41:53 Iron Casting
43:51 Nomads
44:28 Hoardings
43:22 Onager
45:11 Blast Furnace
44:32 Chain Barding Armor
45:02 Gold Shaft Mining
45:40 Masonry
46:29 Siege Ram
T1m
10:11 Feudal Age
14:29 Castle Age
13:22 Horse Collar
13:34 Double-Bit Axe
15:48 Loom
22:02 Wheelbarrow
22:00 Town Watch
23:11 Forging
24:21 Scale Barding Armor
25:02 Husbandry
26:32 Bloodlines
26:47 Chain Barding Armor
28:30 Iron Casting
28:51 Hand Cart
29:14 Bow Saw
29:10 Heavy Plow
36:22 Imperial Age
36:04 Cavalier
37:20 Plate Barding Armor
37:46 Blast Furnace
37:47 Two-Man Saw
37:18 Crop Rotation
36:40 Gold Mining
37:59 Gold Shaft Mining
37:15 Stone Mining
37:28 Savar
38:48 Stone Shaft Mining
38:57 Coinage
41:58 Banking
43:46 Fletching
46:26 Bodkin Arrow
47:18 Guilds
47:10 Caravan
46:31 Light Cavalry
49:53 Hussar
_The_Lion
10:28 Feudal Age
14:33 Castle Age
13:30 Double-Bit Axe
14:26 Loom
15:33 Bow Saw
15:55 Fletching
23:07 Bodkin Arrow
26:32 Ballistics
28:39 Wheelbarrow
33:54 Horse Collar
41:02 Imperial Age
38:27 Gold Mining
38:28 Stone Mining
40:54 Gold Shaft Mining
41:53 Bracer
41:54 Padded Archer Armor
42:10 Heavy Cavalry Archer
43:55 Chemistry
43:37 Conscription
43:29 Caravan
48:57 Silk Armor
都挺好
9:22 Feudal Age
9:00 Loom
9:51 Double-Bit Axe
12:25 Town Watch
16:19 Horse Collar
20:14 Fletching
20:25 Padded Archer Armor
24:06 Castle Age
22:45 Gold Mining
24:22 Crossbowman
25:00 Bodkin Arrow
25:21 Leather Archer Armor
25:40 Bow Saw
27:32 Gold Shaft Mining
27:44 Wheelbarrow
30:08 Ballistics
30:01 Squires
37:24 Imperial Age
35:31 Stone Mining
38:28 Hand Cart
39:44 Chemistry
38:46 Bracer
39:28 Conscription
40:25 Arbalester
41:37 Ring Archer Armor
48:51 Pikeman
49:17 Arson
49:26 Elite Skirmisher
鸭子
4:50 Loom
10:31 Feudal Age
15:38 Castle Age
13:53 Double-Bit Axe
18:08 Bow Saw
18:58 Wheelbarrow
19:09 Horse Collar
19:23 Gold Mining
21:41 Scale Barding Armor
22:32 Scale Mail Armor
22:43 Forging
23:49 Hand Cart
24:51 Iron Casting
25:59 Husbandry
27:54 Chain Barding Armor
32:35 Bloodlines
35:52 Imperial Age
34:30 Gold Shaft Mining
36:30 Fletching
36:41 Padded Archer Armor
36:20 Heavy Camel Rider
37:22 Bodkin Arrow
36:59 Elite Skirmisher
37:48 Thumb Ring
39:27 Chemistry
38:48 Ballistics
39:30 Bracer
40:03 Leather Archer Armor
40:31 Conscription
41:50 Ring Archer Armor
43:30 Plate Barding Armor
44:25 Blast Furnace
47:28 Caravan
hK | Anubis
10:39 Feudal Age
9:05 Loom
10:51 Feudal Age
15:13 Castle Age
14:08 Fletching
14:47 Double-Bit Axe
16:02 Bodkin Arrow
22:56 Ballistics
30:45 Bow Saw
34:16 Gold Mining
34:07 Horse Collar
34:45 Town Watch
40:21 Imperial Age
40:08 Careening
40:08 Clinker Construction
41:09 Bracer
42:17 Chemistry
41:25 Elite Longship
42:04 Elite Longship
44:38 Bogsveigar
48:53 Dry Dock
zhazhahui
11:07 Feudal Age
16:07 Castle Age
14:18 Double-Bit Axe
16:00 Loom
17:42 Bow Saw
21:15 Fletching
23:53 Padded Archer Armor
23:58 Town Watch
24:52 Wheelbarrow
24:00 Horse Collar
26:01 Bodkin Arrow
27:17 Gold Mining
27:30 Heavy Plow
28:06 Leather Archer Armor
28:13 Ballistics
28:50 Hand Cart
33:34 Gold Shaft Mining
33:33 Malon
37:05 Imperial Age
38:42 Ring Archer Armor
38:35 Conscription
37:40 Elite Bolas Rider
39:06 Crop Rotation
40:26 Chemistry
44:01 Butalmapu
TVHG.LALO_CAESTA
10:12 Feudal Age
12:08 Loom
14:45 Castle Age
12:57 Double-Bit Axe
13:12 Horse Collar
18:49 Wheelbarrow
20:22 Szlachta Privileges
22:26 Town Watch
22:54 Scale Barding Armor
24:04 Bloodlines
24:37 Chain Barding Armor
27:40 Forging
28:05 Husbandry
34:25 Iron Casting
34:45 Iron Casting
39:54 Imperial Age
39:59 Cavalier
40:43 Padded Archer Armor
41:50 Blast Furnace
Connection lost

Rejoining the realm…

Still unreachable

The connection could not be restored.

Session expired

The server has moved on; the page needs a fresh start.